 Dungeon Crawl Stone Soup version 0.19.1 (webtiles) character file.

108 RonnieColeman the Conjurer (level 4, -11/27 HPs)
             Began as an Octopode Conjurer on Dec 20, 2016.
             Killed by divine providence
             ... invoked by an orc priest
              (12 damage)
             ... on level 4 of the Dungeon.
             The game lasted 00:06:24 (1954 turns).

RonnieColeman the Conjurer (Octopode Conjurer)      Turns: 1954, Time: 00:06:24

Health: -11/27     AC:  1    Str:  7    XL:     4   Next: 87%
Magic:  1/10       EV: 13    Int: 18    God:
Gold:   87         SH:  0    Dex: 12    Spells: 2 memorised, 6 levels left

rFire  . . .     SeeInvis .     i - +2 dagger (venom)
rCold  . . .     Gourm    .     (no shield)
rNeg   . . .     Faith    .     m - +0 hat
rPois  .         Spirit   .     (no amulet)
rElec  .         Reflect  .     (no ring)
rCorr  .         Harm     .     (no ring)
MR     .....                    (no ring)
Stlth  +++.......               (no ring)
                                (no ring)
                                (no ring)
                                (no ring)
                                (no ring)

@: no status effects
A: almost no armour, stealthy swim, amphibious, 8 rings, constrict 8, camouflage
1, gelatinous body 1
a: no special abilities


You were on level 4 of the Dungeon.
You were not hungry.

You visited 1 branch of the dungeon, and saw 4 of its levels.

You collected 139 gold pieces.
You spent 52 gold pieces at shops.

Inventory:

Hand Weapons
 d - a +0 spear
 i - a +2 dagger of venom (weapon)
Armour
 m - a +0 hat (worn)
Wands
 q - a wand of iceblast (8/15)
 u - a wand of iceblast (10/15)
Scrolls
 c - 2 scrolls of random uselessness {unknown}
 h - 2 scrolls of identify {unknown}
 j - a scroll of teleportation {unknown}
 l - a scroll of blinking {unknown}
 p - a scroll of fear {unknown}
 r - a scroll of amnesia {unknown}
Potions
 e - 4 potions of curing
 f - a potion of magic {unknown}
 k - 3 potions of lignification {unknown}
 o - a potion of brilliance {unknown}
 t - a potion of berserk rage {unknown}
 v - a potion of might {unknown}
Books
 a - a book of Conjurations

   Spells                             Type                      Level
   a - Magic Dart                     Conjuration                  1
   b - Searing Ray                    Conjuration                  2
   c - Dazzling Spray                 Conjuration/Hexes            3
   d - Fulminant Prism                Conjuration/Hexes            4
   e - Iskenderun's Mystic Blast      Conjuration                  4
   f - Iskenderun's Battlesphere      Conjuration/Charms           5
Comestibles
 b - a bread ration
 g - 2 meat rations
 n - a beef jerky


   Skills:
 - Level 2.0 Dodging
 - Level 2.6 Stealth
 * Level 4.1 Spellcasting
 + Level 4.5 Conjurations


You had 6 spell levels left.
You knew the following spells:

 Your Spells              Type           Power        Failure   Level  Hunger
a - Magic Dart            Conj           ###.         1%          1    None
c - Iskenderun's Mystic   Conj           ###.....     24%         4    ####...


Dungeon Overview and Level Annotations

Branches:
Dungeon (4/15)
 Temple: D:4-7

Altars:

Shops:
D:4 !

Annotations:
D:3 Kave's ghost, amateur TrTm


Innate Abilities, Weirdness & Mutations

You cannot wear most types of armour.
You are very stealthy in the water. (Stealth+)
You are amphibious.
You can wear up to eight rings at the same time.
You can use your tentacles to constrict eight enemies at once.
Your skin changes colour to match your surroundings (Stealth+).
Your rubbery body absorbs attacks. (AC +1, EV +1)


Message History

Press: ? - help, Shift-Dir - straight line, f/p - orc priest
Aim: an orc priest, wielding a club and wearing a scale mail The magic dart hits the orc priest.
The orc priest calls down the wrath of Beogh upon you.
Beogh smites you!
Casting: Magic Dart
Confirm with . or Enter, or press ? or * to list all spells.
Aiming: Magic Dart
Press: ? - help, Shift-Dir - straight line, f/p - orc priest
Aim: an orc priest, wielding a club and wearing a scale mail The magic dart hits the orc priest.
The orc priest mumbles some strange prayers to Beogh against you.
Beogh smites you!
* * * LOW HITPOINT WARNING * * *
You hit the orc.
The orc is poisoned.
You grab the orc.
The orc is heavily wounded.
You constrict the orc.
The orc priest mumbles some strange prayers to Beogh against you.
Beogh smites you!
You die...

.... #####+## ....##..##..#
###.. ............# ....
............# ...
............# ..#
#.......##..# ####+# ..+
#...##..##..###.##.##..#+#..
#...##'###..................
....##..##..∩!..@ooo†..$....
........#############..#####
........# ..# ....##..# ..o.
#...##..# ....o ######..##
####... #...# ... #...# .. #
#####


You could see an orc priest and 2 orcs.

Vanquished Creatures
  Ijyb (D:3)
  2 adders (D:2)
  2 oozes
  A worm (D:1)
  2 dart slugs
  2 leopard geckos
  3 orcs
  4 bats (D:3)
  2 giant cockroaches
  4 goblins
  4 hobgoblins
  4 jackals
  A quokka (D:2)
  7 frilled lizards
  5 kobolds
  6 rats
50 creatures vanquished.

Notes
Turn   | Place    | Note
-------+----------+-------------------------------------------
     0 | D:1      | RonnieColeman the Octopode Conjurer began the quest for the Orb.
     0 | D:1      | Reached XP level 1. HP: 11/11 MP: 3/3
    78 | D:1      | Reached XP level 2. HP: 15/17 MP: 1/5
   348 | D:1      | Reached XP level 3. HP: 19/21 MP: 7/7
   951 | D:2      | Reached XP level 4. HP: 27/27 MP: 2/9
  1234 | D:3      | Noticed Kave's ghost (amateur TrTm)
  1270 | D:2      | Learned a level 4 spell: Iskenderun's Mystic Blast
  1352 | D:3      | Noticed Ijyb
  1369 | D:3      | Killed Ijyb
  1926 | D:4      | Found Eqeil's Distillery.
  1931 | D:4      | Bought a potion of degeneration for 13 gold pieces
  1931 | D:4      | Bought a potion of curing for 39 gold pieces
  1953 | D:4      | HP: 1/27 [orc priest/divine providence (13)]
  1954 | D:4      | Killed from afar by an orc priest

Skill      XL: |  1  2  3  4 |
---------------+-------------+-----
Spellcasting   | 3 4 |  4.1
Dodging        | |  2.0
Stealth        | |  2.6
Conjurations   | |  4.5

Action                   |  1- 3 |  4- 6 || total
-------------------------+-------+-------++-------
Melee: Unarmed           |     7 |       ||     7
       Spear             |    38 |       ||    38
       Constrict         |     8 |     5 ||    13
       Tentacles         |     4 |     2 ||     6
       Dagger            |     6 |    15 ||    21
 Cast: Magic Dart        |    32 |    45 ||    77
       Iskenderun's Myst |       |     4 ||     4
  Use: Scroll            |     2 |       ||     2
 Stab: Sleeping          |     9 |     1 ||    10
  Eat: Chunk             |       |     4 ||     4
Armor: Skin              |     2 |       ||     2
Dodge: Dodged            |    22 |     8 ||    30
